AoeStats
← aclcbrn

Lombardia

510195832Analyzed
4v4 RM · 2d ago on Sep 29, 2026· 80m 47s· 8 players
Game mode
Random Map
Map size
Large (8 player)
Population
200
Speed
Normal
Resources
Standard
Victory
Conquest
Starting age
Dark Age
Ending age
Imperial Age
RankedLock teamsTeams togetherTeam positionsShared explorationLock speedFull tech treeHidden civsTurbo modeCheats
Victory
Defeat
🇲🇴 Chinese · Macao SAR China
1131
+14
🇨🇳 Khmer · China
1074
+17
🇺🇸 Franks · United States
1065
+17
🇳🇱 Spanish · Netherlands
1043
+18
🇹🇷 Poles · Türkiye
1158
-19
🇨🇴 Britons · Colombia
1146
-19
🇨🇦 Burgundians · Canada
1044
-15
🇵🇹 Italians · Portugal
1008
-13
aclcbrn
10:21 Feudal Age
11:08 Double-Bit Axe
14:27 Stone Mining
16:43 Castle Age
14:39 Gold Mining
18:14 Wheelbarrow
18:33 Bow Saw
18:42 Town Watch
19:41 Horse Collar
20:49 Loom
22:51 Heavy Plow
28:24 Imperial Age
27:08 Light Cavalry
27:58 Bloodlines
27:12 Pikeman
27:52 Squires
27:59 Padded Archer Armor
28:58 Forging
28:38 Fletching
29:55 Stone Shaft Mining
29:52 Caravan
31:32 Chemistry
31:13 Fortified Wall
32:06 Ballistics
31:51 Husbandry
34:06 Conscription
33:46 Gambesons
33:46 Arson
34:41 Iron Casting
34:07 Scale Mail Armor
34:22 Leather Archer Armor
35:22 Halberdier
36:21 Chain Mail Armor
37:07 Blast Furnace
36:03 Bodkin Arrow
38:34 Two-Man Saw
38:05 Hand Cart
40:36 Plate Mail Armor
40:37 Ring Archer Armor
42:44 Thumb Ring
42:30 Elite Skirmisher
43:38 Elite Skirmisher
44:33 Murder Holes
45:09 Bracer
45:15 Scale Barding Armor
44:36 Hussar
46:41 Capped Ram
49:39 Siege Ram
51:21 Chain Barding Armor
56:56 Cavalier
58:14 Paladin
Barbaren
0:31 Loom
11:33 Feudal Age
12:45 Double-Bit Axe
13:04 Horse Collar
15:49 Bloodlines
16:45 Wheelbarrow
16:12 Man-at-Arms
20:55 Forging
24:03 Castle Age
24:55 Heavy Plow
25:06 Bow Saw
24:29 Light Cavalry
25:17 Fletching
25:53 Husbandry
28:31 Masonry
28:28 Scale Barding Armor
28:18 Gold Mining
32:41 Chain Barding Armor
35:31 Imperial Age
35:53 Thumb Ring
37:30 Two-Man Saw
36:52 Hand Cart
37:17 Gold Shaft Mining
36:34 Stone Mining
38:07 Stone Shaft Mining
41:54 Plate Barding Armor
41:15 Bodkin Arrow
42:37 Chemistry
41:58 Ballistics
45:14 Iron Casting
44:40 Bracer
45:12 Conscription
45:36 Architecture
45:41 Great Wall
45:02 Elite Chu Ko Nu
46:05 Rocketry
47:36 Pikeman
48:17 Squires
48:38 Fortified Wall
48:15 Arrowslits
48:18 Town Watch
48:40 Caravan
49:12 Coinage
48:23 Halberdier
49:57 Scale Mail Armor
50:58 Blast Furnace
50:16 Capped Ram
51:30 Chain Mail Armor
51:29 Siege Ram
52:28 Sappers
56:51 Plate Mail Armor
56:22 Arson
56:00 Elite Fire Lancer
59:04 Padded Archer Armor
59:31 Bombard Tower
58:57 Elite Skirmisher
59:02 Heavy Rocket Cart
59:06 Heavy Scorpion
62:21 Leather Archer Armor
65:15 Banking
king vitt
0:31 Loom
15:51 Feudal Age
17:14 Wheelbarrow
16:23 Horse Collar
16:32 Double-Bit Axe
21:02 Castle Age
22:06 Hand Cart
24:27 Heavy Plow
24:41 Bow Saw
25:49 Gold Mining
25:53 Stone Mining
26:10 Town Watch
27:53 Gold Shaft Mining
32:07 Imperial Age
32:08 Stone Shaft Mining
32:09 Scale Barding Armor
32:15 Forging
32:28 Ballistics
32:20 Fortified Wall
32:52 Town Patrol
32:40 Elite Ballista Elephant
33:42 Conscription
34:29 Chemistry
34:11 Siege Engineers
34:44 Double Crossbow
36:16 Hoardings
35:49 Husbandry
36:00 Bloodlines
36:14 Chain Barding Armor
36:31 Iron Casting
37:45 Plate Barding Armor
36:36 Light Cavalry
37:54 Crop Rotation
37:39 Masonry
37:28 Murder Holes
37:03 Heavy Scorpion
37:44 Hussar
39:38 Architecture
40:17 Blast Furnace
41:15 Caravan
Faelian the Unsuccessful
7:59 Loom
11:33 Feudal Age
15:40 Castle Age
14:38 Double-Bit Axe
16:43 Wheelbarrow
16:35 Bow Saw
24:56 Stone Mining
24:58 Gold Mining
26:29 Gold Shaft Mining
27:09 Hand Cart
26:41 Town Watch
27:30 Husbandry
32:07 Imperial Age
29:40 Ordonnance Companies
30:28 Scale Barding Armor
30:34 Forging
30:16 Fletching
30:26 Padded Archer Armor
30:17 Fletching
30:28 Padded Archer Armor
30:18 Fletching
31:45 Chain Barding Armor
33:08 Iron Casting
32:29 Bodkin Arrow
33:11 Conscription
32:13 Cavalier
34:06 Ballistics
34:47 Chemistry
34:00 Fortified Wall
34:02 Masonry
33:29 Paladin
36:47 Plate Barding Armor
37:48 Blast Furnace
37:07 Leather Archer Armor
36:52 Cranequins
37:55 Devotion
39:00 Town Patrol
39:22 Heavy Mounted Crossbowman
40:06 Scale Mail Armor
40:46 Hoardings
40:45 Architecture
41:05 Elite Throwing Axeman
44:28 Chain Mail Armor
45:53 Squires
45:14 Pikeman
46:58 Plate Mail Armor
47:20 Elite Skirmisher
47:23 Heavy Scorpion
49:13 Halberdier
54:35 Caravan
78:54 Arson
BallonPrince5
3:55 Double-Bit Axe
7:15 Loom
10:18 Feudal Age
9:40 Gold Mining
11:15 Bow Saw
12:11 Wheelbarrow
11:51 Horse Collar
12:39 Arson
15:07 Heavy Plow
17:00 Forging
17:48 Scale Mail Armor
21:43 Scale Barding Armor
24:00 Castle Age
23:37 Stone Mining
24:23 Gold Shaft Mining
25:09 Chain Barding Armor
25:25 Iron Casting
25:39 Crop Rotation
26:54 Husbandry
26:15 Cavalier
27:59 Chain Mail Armor
29:26 Town Watch
29:59 Hand Cart
32:23 Crop Rotation
32:55 Two-Man Saw
35:24 Masonry
35:35 Ballistics
38:24 Imperial Age
35:56 Stone Mining
37:47 Stone Shaft Mining
39:20 Fervor
39:31 Sanctity
39:22 Fletching
40:08 Plate Barding Armor
40:03 Plate Mail Armor
39:34 Padded Archer Armor
41:13 Fortified Wall
41:26 Conscription
41:12 Burgundian Vineyards
42:02 Squires
41:23 Pikeman
42:52 Architecture
43:23 Chemistry
42:34 Careening
42:19 Murder Holes
42:16 Paladin
45:38 Blast Furnace
44:56 Leather Archer Armor
44:36 Bodkin Arrow
45:56 Treadmill Crane
46:24 Town Patrol
48:11 Hoardings
47:11 Sappers
47:58 Halberdier
53:56 Guilds
54:17 Coinage
53:49 Caravan
54:28 Bracer
57:59 Light Cavalry
61:22 Hussar
Bread Pitt
11:06 Feudal Age
11:23 Loom
17:23 Castle Age
17:01 Horse Collar
17:08 Double-Bit Axe
19:56 Light Cavalry
21:29 Stone Mining
22:50 Bow Saw
23:36 Husbandry
23:46 Bloodlines
25:16 Heavy Plow
25:08 Gold Mining
27:21 Wheelbarrow
27:53 Szlachta Privileges
28:45 Hand Cart
28:16 Town Watch
32:10 Stone Shaft Mining
35:39 Imperial Age
33:11 Town Patrol
34:11 Scale Barding Armor
34:16 Forging
37:00 Crop Rotation
36:12 Cavalier
36:14 Winged Hussar
37:23 Chain Barding Armor
37:38 Iron Casting
38:03 Conscription
38:06 Lechitic Legacy
41:22 Chemistry
40:33 Masonry
40:28 Siege Engineers
40:06 Treadmill Crane
40:46 Ballistics
40:30 Murder Holes
42:08 Blast Furnace
41:10 Padded Archer Armor
41:00 Fletching
41:10 Scale Mail Armor
56:44 Capped Ram
57:37 Siege Ram
67:05 Leather Archer Armor
Guerreromix1
5:20 Loom
13:27 Feudal Age
15:59 Wheelbarrow
18:17 Castle Age
16:58 Horse Collar
17:04 Double-Bit Axe
17:11 Stone Mining
26:36 Heavy Plow
28:07 Hand Cart
34:00 Imperial Age
32:17 Treadmill Crane
32:47 Masonry
32:48 Fortified Wall
32:59 Ballistics
32:35 Murder Holes
32:58 Gold Mining
34:06 Fletching
34:17 Padded Archer Armor
34:27 Forging
34:18 Scale Mail Armor
35:14 Conscription
35:23 Conscription
35:39 Hoardings
35:12 Bodkin Arrow
36:24 Chemistry
35:14 Elite Longbowman
36:23 Caravan
36:53 Coinage
36:33 Guilds
37:19 Iron Casting
37:00 Leather Archer Armor
37:12 Yeomen
36:52 Warwolf
38:22 Banking
38:47 Bow Saw
39:24 Gold Shaft Mining
41:35 Two-Man Saw
43:51 Blast Furnace
43:23 Ring Archer Armor
42:53 Bracer
43:09 Chain Mail Armor
42:49 Pikeman
43:14 Gambesons
43:30 Squires
43:16 Arson
44:33 Onager
45:12 Halberdier
46:55 Architecture
46:31 Siege Engineers
47:01 Architecture
55:50 Sappers
56:20 Warwolf
!
8:57 Loom
11:34 Feudal Age
12:25 Double-Bit Axe
16:46 Castle Age
15:50 Horse Collar
18:34 Bow Saw
19:42 Heavy Plow
20:27 Wheelbarrow
25:23 Hand Cart
27:41 Town Watch
32:26 Imperial Age
29:57 Town Patrol
31:48 Padded Archer Armor
31:39 Fletching
32:25 Stone Mining
33:42 Elite Genoese Crossbowman
35:22 Caravan
35:52 Coinage
35:33 Guilds
36:47 Conscription
36:49 Silk Road
37:09 Hoardings
38:13 Two-Man Saw
37:30 Leather Archer Armor
37:11 Bodkin Arrow
38:26 Pirotechnia
39:22 Chemistry
38:43 Ballistics
38:33 Masonry
38:04 Treadmill Crane
38:15 Heated Shot
38:20 Murder Holes
38:38 Fortified Wall
38:19 Guard Tower
41:29 Banking
46:16 Ring Archer Armor
45:47 Bracer
45:48 Scale Mail Armor
45:54 Scale Barding Armor
45:59 Forging
48:46 Chain Mail Armor
49:07 Iron Casting
48:52 Chain Barding Armor
51:39 Blast Furnace
51:09 Plate Mail Armor
53:40 Thumb Ring
54:29 Crossbowman
55:06 Arbalester
57:12 Plate Barding Armor
59:21 Pikeman
60:02 Squires
60:10 Light Cavalry
61:01 Bloodlines
60:52 Husbandry
61:17 Hussar
63:07 Elite Skirmisher
Connection lost

Rejoining the realm…

Still unreachable

The connection could not be restored.

Session expired

The server has moved on; the page needs a fresh start.